 Dungeon Crawl Stone Soup version 0.21.1-1-g345015f (webtiles) character file.

3 Melicamp the Skirmisher (level 1, -1/19 HPs)
             Began as a Barachi Wanderer on Apr 8, 2018.
             Slain by an ooze (2 damage)
             ... on level 1 of the Dungeon.
             The game lasted 00:02:50 (154 turns).

Melicamp the Skirmisher (Barachi Wanderer)           Turns: 154, Time: 00:02:51

Health: -1/19      AC:  2    Str: 14    XL:     1   Next: 50%
Magic:  1/1        EV: 11    Int: 10    God:
Gold:   0          SH:  0    Dex: 12    Spells: 0/0 levels left

rFire    . . .     SeeInvis .   e - +0 club
rCold    . . .     Gourm    .   (no shield)
rNeg     . . .     Faith    .   d - +0 robe
rPois    .         Spirit   .   (no helmet)
rElec    .         Reflect  .   (no cloak)
rCorr    .         Harm     .   (no gloves)
MR       .....                  (no boots)
Stlth    ++........             (no amulet)
HPRegen  0.06/turn              (no ring)
MPRegen  0.07/turn              (no ring)

@: can't hop, slow
A: +LOS, swims, slowness 1, strong legs 1
a: Hop


You were on level 1 of the Dungeon.
You were not hungry.

You visited 1 branch of the dungeon, and saw 1 of its levels.

Inventory:

Hand Weapons
 e - a +0 club (weapon)
Armour
 d - a +0 robe (worn)
Jewellery
 h - a cursed ring of loudness {unknown}
   (You found it on level 1 of the Dungeon)
Scrolls
 g - a scroll of identify {unknown}
Potions
 c - a potion of lignification
Books
 a - a book of Callings
 b - the Compendium of Protection

   Spells                             Type                      Level
   a - Shroud of Golubria             Charms/Translocation         2
   b - Swiftness                      Charms/Air                   2
Comestibles
 f - 2 rations


   Skills:
 * Level 3.8 Fighting
   Level 2.4 Long Blades
 - Level 1.0 Stealth
   Level 1.1 Shields
 + Level 0.3 Spellcasting
   Level 2.4 Summonings
   Level 1.1 Translocations


You couldn't memorise any spells.
You didn't know any spells.

Dungeon Overview and Level Annotations

Branches:
Dungeon (1/15)

Altars:


Innate Abilities, Weirdness & Mutations

Shadows flee at your approach. (+LOS)
You can swim through water.
You cover ground slowly.
You can hop short distances.


Message History

You miss the bat. The bat hits you but does no damage.
The bat hits you but does no damage. The bat misses you.
You closely miss the bat. The bat hits you but does no damage.
The bat misses you.
You hit the bat.
You kill the bat!
You hit the kobold but do no damage. The kobold hits you with a club.
You closely miss the kobold. The kobold hits you but does no damage.
You barely miss the kobold. The kobold misses you.
You barely miss the kobold. The kobold closely misses you.
The kobold misses you.
You closely miss the kobold. The kobold hits you but does no damage.
You closely miss the kobold. The kobold barely misses you.
You closely miss the kobold. The kobold hits you with a club.
You barely miss the kobold. The kobold hits you but does no damage.
You hit the kobold.
You kill the kobold!
Things that are here:
a club; a kobold corpse You start resting.
HP restored.
f - 2 rations (gained 1)
g - a scroll labeled OMA AWKUAFE
h - a glass ring
Okay, then.
A hobgoblin comes into view. It is wielding a club.
Found 22 sling bullets.
The hobgoblin shouts!
Found 28 gold pieces.
You barely miss the hobgoblin. The hobgoblin hits you with a club. x2
A kobold comes into view.
The kobold shouts!
You hit the hobgoblin.
The hobgoblin is almost dead.
The hobgoblin closely misses you.
You hit the hobgoblin but do no damage.
The hobgoblin is almost dead.
The hobgoblin hits you with a club.
You closely miss the hobgoblin.
The hobgoblin is almost dead.
The hobgoblin hits you with a club.
You barely miss the hobgoblin.
The hobgoblin is almost dead.
The hobgoblin hits you but does no damage.
You barely miss the hobgoblin.
The hobgoblin is almost dead.
The hobgoblin hits you but does no damage.
The kobold barely misses you. The hobgoblin hits you with a club.
An ooze comes into view.
You closely miss the hobgoblin.
The hobgoblin is almost dead.
The kobold misses you. The kobold closely misses you.
The hobgoblin barely misses you.
The kobold throws a stone.
The stone hits you but does no damage.
You see here a stone.
You completely miss the hobgoblin.
The hobgoblin is almost dead.
The hobgoblin closely misses you.
You hit the hobgoblin.
You kill the hobgoblin!
The kobold barely misses you.
The ooze quivers.
You hit the kobold but do no damage. The kobold hits you.
You hit the kobold but do no damage. The kobold closely misses you.
You hit the kobold.
The kobold is severely wounded.
The kobold hits you.
You barely miss the kobold.
The kobold is severely wounded.
The kobold barely misses you. The kobold hits you.
You closely miss the kobold.
The kobold is severely wounded.
The kobold hits you but does no damage.
You completely miss the kobold.
The kobold is severely wounded.
The kobold barely misses you.
You hit the kobold.
You kill the kobold!
The ooze hits you.
* * * LOW HITPOINT WARNING * * *
Hop to where?
Press: ? - help, Dir - move target cursor Boing!
Okay, then.
You hit the ooze.
The ooze is lightly wounded.
The ooze barely misses you.
You hit the ooze but do no damage.
The ooze is lightly wounded.
The ooze hits you.
* * * LOW HITPOINT WARNING * * *
You hit the ooze but do no damage.
The ooze is lightly wounded.
The ooze misses you.
You hit the ooze.
The ooze is moderately wounded.
The ooze hits you.
* * * LOW HITPOINT WARNING * * *
The ooze hits you.
You die...

####8<8#####.........#
##.........##.........#
#8.........8#.........#
#...........#.........#
#8.........8####.##.###
##.........###.......#
#.........# #.......#
#####'##### #..J....#
#.#######..@....#
#......)........#
#########.......#
#########


You could see an ooze.

Vanquished Creatures
  A hobgoblin (D:1)
  A bat (D:1)
  2 kobolds (D:1)
4 creatures vanquished.

Notes
Turn   | Place    | Note
-------+----------+-------------------------------------------
     0 | D:1      | Melicamp the Barachi Wanderer began the quest for the Orb.
     0 | D:1      | Melicamp set off with: a book of Callings, the Compendium of Protection, a potion of lignification, a +0 robe, a +0 club, a ration
     0 | D:1      | Reached XP level 1. HP: 18/18 MP: 1/1
     0 | D:1      | Identified the Compendium of Protection
   137 | D:1      | HP: 4/19 [ooze (3)]
   152 | D:1      | HP: 2/19 [ooze (3)]
   154 | D:1      | Slain by an ooze

Action                   || total
-------------------------++-------
Melee: Club              ||    32
 Abil: Hop               ||     1
Armor: Robe              ||     8
Dodge: Dodged            ||    18

Vault maps used:
D:1:      mrwooster_arrival_statue_3

Table legend:
 A = Turns spent in this place as a percentage of turns spent in the entire game.
 B = Non-inter-level travel turns spent in this place as a percentage of non-inter-level travel turns spent in the entire game.
 C = Inter-level travel turns spent in this place as a percentage of turns spent in this place.
 D = Turns resting spent in this place as a percentage of non-inter-level travel turns spent in this place.
 E = Turns spent auto-exploring this place as a percentage of non-inter-level travel turns spent in this place.
 F = Non-inter-level travel turns spent in this place divided by the number of levels of this place that you've seen.
                   A       B       C       D       E      F
               +-------+-------+-------+-------+-------+----------------------
         Total | 100.0 | 100.0 |   0.0 |  40.9 |  22.7 | 154.0
       Dungeon | 100.0 | 100.0 |   0.0 |  40.9 |  22.7 | 154.0
               +-------+-------+-------+-------+-------+----------------------

Table legend:
 A = Kills in this place as a percentage of kills in entire the game.
 B = Kills by you in this place as a percentage of kills by you in the entire game.
 C = Kills by friends in this place as a percentage of kills by friends in the entire game.
 D = Other kills in this place as a percentage of other kills in the entire game.
 E = Experience gained in this place as a percentage of experience gained in the entire game.
 F = Experience gained in this place divided by the number of levels of this place that you have seen.
                   A       B       C       D       E      F
               +-------+-------+-------+-------+-------+----------------------
         Total | 100.0 | 100.0 |   N/A |   N/A | 100.0 |   5.0
       Dungeon | 100.0 | 100.0 |   N/A |   N/A | 100.0 |   5.0
               +-------+-------+-------+-------+-------+----------------------
